 Dungeon Crawl Stone Soup version 0.21.1-1-g345015f (webtiles) character file.

1106 wotfoxis the Magician (level 8, -2/43 HPs)
             Began as a Deep Elf Summoner on Feb 17, 2018.
             Was a Believer of Fedhas.
             Slain by a killer bee (10 damage)
             ... on level 7 of the Dungeon.
             The game lasted 01:03:53 (5668 turns).

wotfoxis the Magician (Deep Elf Summoner)           Turns: 5668, Time: 01:03:53

Health: -2/43      AC:  5    Str: 10    XL:     8   Next: 11%
Magic:  21/21      EV: 14    Int: 23    God:    Fedhas [**....]
Gold:   360        SH:  0    Dex: 15    Spells: 10/22 levels left

rFire    . . .     SeeInvis .   A - +0 shortbow (curse)
rCold    . . .     Gourm    .   (shield currently unavailable)
rNeg     . . .     Faith    .   w - +0 robe (curse)
rPois    .         Spirit   .   q - +0 helmet
rElec    .         Reflect  .   F - +0 cloak
rCorr    .         Harm     .   e - +0 pair of gloves
MR       .....                  (no boots)
Stlth    +++.......             m - amulet of regeneration
HPRegen  0.54/turn              (no ring)
MPRegen  0.17/turn              (no ring)

@: mighty, lethally poisoned (-2 -> -2), about to teleport
A: no striking features
a: Fungal Bloom, Evolution, Sunlight, Renounce Religion


You were on level 7 of the Dungeon.
You worshipped Fedhas.
Fedhas was pleased with you.
You were not hungry.

You visited 1 branch of the dungeon, and saw 7 of its levels.

You collected 360 gold pieces.

Inventory:

Hand Weapons
 u - a +2 short sword of venom
 A - a cursed +0 shortbow (weapon)
Missiles
 h - 42 arrows (quivered)
Armour
 a - a +1 robe
 e - a +0 pair of gloves (worn)
 i - a +0 centaur barding
 l - a +0 animal skin
 q - a +0 helmet (worn)
 w - a cursed +0 robe (worn)
 F - a +0 cloak (worn)
Jewellery
 m - an amulet of regeneration (around neck)
Wands
 j - a wand of iceblast (3)
 v - a wand of flame (20)
 z - a wand of polymorph (12)
 E - a wand of digging (15)
Scrolls
 n - a scroll of teleportation
 p - a scroll of identify
 y - a scroll of enchant armour
 B - a scroll of amnesia
 C - a scroll of fog
Potions
 d - a potion of mutation {unknown}
 f - a potion of curing
 g - a potion of agility
 o - a potion of brilliance {unknown}
 r - 3 potions of flight
 s - 2 potions of berserk rage
 t - a potion of might
 x - 2 potions of degeneration {unknown}
 D - a potion of haste {unknown}
Books
 b - a book of Callings

   Spells                             Type                      Level
   a - Summon Small Mammal            Summoning                    1
   b - Call Imp                       Summoning                    2
   c - Call Canine Familiar           Summoning                    3
   d - Summon Guardian Golem          Hexes/Summoning              3
   e - Summon Lightning Spire         Summoning/Air                4
   f - Summon Ice Beast               Ice/Summoning                4
 G - a book of Changes

   Spells                             Type                      Level
   a - Beastly Appendage              Transmutation                1
   b - Sticks to Snakes               Transmutation                2
   c - Spider Form                    Transmutation/Poison         3
   d - Ice Form                       Ice/Transmutation            4
   e - Blade Hands                    Transmutation                5
Comestibles
 c - 8 rations


   Skills:
 - Level 1.3 Fighting
 + Level 2.7 Short Blades
 + Level 2.4 Bows
 + Level 4.1 Dodging
 + Level 3.8 Stealth
 + Level 7.8 Spellcasting
 + Level 6.8 Summonings
 + Level 1.4 Air Magic


You had 10 spell levels left.
You knew the following spells:

 Your Spells              Type           Power        Failure   Level  Hunger
a - Summon Small Mammal   Summ           ####         1%          1    None
b - Call Imp              Summ           #####...     1%          2    None
c - Call Canine Familiar  Summ           #####...     1%          3    None
d - Summon Lightning Spi  Summ/Air       ####....     13%         4    ###....
e - Sticks to Snakes      Tmut           #.......     11%         2    None


Dungeon Overview and Level Annotations

Branches:
Dungeon (7/15)             Temple (0/1) D:4

Altars:
Ashenzari
Dithmenos
Fedhas
Makhleb
Sif Muna
Vehumet
Wu Jian
Xom
Zin
The Shining One

Shops:
D:6 %

Annotations:
D:7 1 transporter


Message History

The puff of frost hits the killer bee.
You feel very mighty all of a sudden.
You feel sick.
Your bat hits the killer bee but does no damage.
The killer bee misses you.
Your wolf closely misses the centaur.
The killer bee barely misses your white imp.
The centaur hits you.
* * * LOW HITPOINT WARNING * * *
The killer bee barely misses you.
The killer bee closely misses your white imp.
Your wolf bites the centaur!
Your quokka bites the centaur but does no damage.
Your white imp gestures at the centaur.
The puff of frost misses the killer bee.
The puff of frost hits the centaur.
As you read the scroll of teleportation, it crumbles to dust.
You feel strangely unstable.
You feel sick.
Your bat closely misses the killer bee.
The killer bee stings you!
You die...
Fedhas appreciates your contribution to the ecosystem.

.. #....# ##......# .#. ...
#....###.............
..$.#....##...........#..
..........#....##...#..(...<#.###
..#...#'#''.........#.......#.#..
...............#....#.......#.###
..................b........((..(.
.......#...#.....y5.(......()(###
#......... +....@yh(..##......###
#.....######...#.c....##....c(...
+...............r...........yr###
#....§.#.....###......(..)#+#y##§
.......#.....# ..##....... #y##.
##.....#.....#.... ....... #.##.
##....##.....#............ #.##§
.#...........#.......... #+##§
.............# ##


You could see a centaur, 2 killer bees, a friendly wolf, a friendly white imp, a
friendly quokka and a friendly bat.

Vanquished Creatures
  A centaur (D:5)
  A hound (D:5)
  A bullfrog skeleton (D:5)
  An orc wizard (D:7)
  An iguana (D:4)
  2 worker ants
  A worker ant zombie (D:5)
  7 adders
  2 worms
  3 orcs
  7 bats
  4 giant cockroaches
  4 goblins
  4 hobgoblins
  5 jackals
  3 kobolds
  3 quokkas
  2 frilled lizards (D:4)
  A rat (D:2)
53 creatures vanquished.

Vanquished Creatures (collateral kills)
  Sigmund (D:6)
  Edmund (D:4)
  A sky beast (D:6)
  A phantom (D:2)
  4 ogres
  2 bullfrogs
  A killer bee (D:7)
  2 crimson imps
  A centaur zombie (D:6)
  A jelly (D:5)
  A centaur skeleton (D:4)
  An orc priest (D:7)
  4 orc wizards
  2 worker ants
  Robin (D:2)
  4 adders
  A shadow imp (D:2)
  An ooze (D:3)
  An adder zombie (D:6)
  2 worms (D:2)
  5 leopard geckos
  7 orcs
  4 bats
  7 goblins
  12 hobgoblins
  6 jackals
  2 ball pythons
  A frilled lizard (D:2)
  5 kobolds
  A leopard gecko zombie (D:7)
  A quokka skeleton (D:7)
  2 rats
86 creatures vanquished.

Vanquished Creatures (others)
  A wandering mushroom (D:7)
  49 toadstools
50 creatures vanquished.

Grand Total: 189 creatures vanquished

Notes
Turn   | Place    | Note
-------+----------+-------------------------------------------
     0 | D:1      | wotfoxis the Deep Elf Summoner began the quest for the Orb.
     0 | D:1      | Reached XP level 1. HP: 10/10 MP: 6/6
   719 | D:1      | Reached XP level 2. HP: 15/15 MP: 6/8
   903 | D:1      | Learned a level 2 spell: Call Imp
  1493 | D:2      | Reached XP level 3. HP: 18/19 MP: 3/10
  1505 | D:2      | Learned a level 3 spell: Call Canine Familiar
  1520 | D:2      | Reached skill level 4 in Spellcasting
  1584 | D:2      | Reached skill level 5 in Summonings
  1651 | D:2      | Found a shimmering altar of Xom.
  1732 | D:2      | Noticed a phantom
  1889 | D:2      | Killed a phantom
  1889 | D:2      | Reached XP level 4. HP: 24/24 MP: 3/12
  2031 | D:2      | Noticed Robin
  2118 | D:2      | Killed Robin
  2252 | D:2      | Found a blossoming altar of Fedhas.
  2259 | D:2      | Became a worshipper of Fedhas Madash
  2424 | D:2      | Reached skill level 5 in Spellcasting
  2541 | D:2      | Reached XP level 5. HP: 25/28 MP: 9/14
  2596 | D:3      | Found a shadowy altar of Dithmenos.
  2741 | D:3      | Reached skill level 1 in Fighting
  2754 | D:4      | Found a burning altar of Makhleb.
  2972 | D:3      | Reached skill level 1 in Short Blades
  3214 | D:4      | Found a staircase to the Ecumenical Temple.
  3346 | D:4      | Found a shattered altar of Ashenzari.
  3361 | D:4      | Reached * piety under Fedhas
  3383 | D:4      | Found an ornate altar of the Wu Jian Council.
  3432 | D:4      | Found a glowing silver altar of Zin.
  3506 | D:4      | Found a deep blue altar of Sif Muna.
  3540 | D:4      | Noticed an ogre
  3563 | D:4      | Killed an ogre
  3563 | D:4      | Reached XP level 6. HP: 34/34 MP: 11/16
  3811 | D:4      | Noticed Edmund
  3833 | D:4      | Killed Edmund
  4115 | D:5      | Entered Level 5 of the Dungeon
  4187 | D:5      | Found a radiant altar of Vehumet.
  4265 | D:5      | Reached skill level 6 in Spellcasting
  4298 | D:5      | Reached XP level 7. HP: 38/38 MP: 15/18
  4493 | D:5      | Learned a level 4 spell: Summon Lightning Spire
  4550 | D:6      | Found Puosuol's Food Emporium.
  4829 | D:6      | Found a glowing golden altar of the Shining One.
  4864 | D:6      | Noticed Sigmund
  4938 | D:6      | Reached ** piety under Fedhas
  4994 | D:6      | Killed Sigmund
  4994 | D:6      | Reached skill level 7 in Spellcasting
  5198 | D:6      | Learned a level 2 spell: Sticks to Snakes
  5198 | D:6      | Reached skill level 1 in Air Magic
  5473 | D:7      | Reached skill level 1 in Bows
  5528 | D:7      | Found a transporter.
  5569 | D:7      | Reached XP level 8. HP: 38/43 MP: 15/21
  5668 | D:7      | Slain by a killer bee

Skill      XL: |  1  2  3  4  5  6  7 |
---------------+----------------------+-----
Spellcasting   | 4 5 6 7 |  7.8
Summonings     | 5 6 |  6.8
Dodging        | 3 4 |  4.1
Fighting       | 1 |  1.3
Short Blades   | 1 2 |  2.7
Stealth        | 3 |  3.8
Air Magic      | 1 |  1.4
Bows           | 2 |  2.4

Action                   |  1- 3 |  4- 6 |  7- 9 || total
-------------------------+-------+-------+-------++-------
Melee: Dagger            |    83 |    24 |       ||   107
       Short sword       |       |   115 |    19 ||   134
       Shortbow          |       |       |     2 ||     2
 Fire: Hunting sling     |     1 |       |       ||     1
       Shortbow          |       |       |    49 ||    49
 Cast: Summon Small Mamm |    63 |    39 |    31 ||   133
       Call Imp          |     9 |    12 |    13 ||    34
       Call Canine Famil |     3 |     9 |     8 ||    20
       Summon Lightning  |       |       |     2 ||     2
       Sticks to Snakes  |       |       |     1 ||     1
Invok: Fungal Bloom      |       |     9 |     9 ||    18
       Sunlight          |       |       |     1 ||     1
       Evolution         |       |       |     1 ||     1
  Use: Scroll            |     4 |     4 |    10 ||    18
       Potion            |       |       |     6 ||     6
 Stab: Sleeping          |     1 |     4 |     1 ||     6
       Distracted        |     1 |     1 |       ||     2
  Eat: Ration            |     1 |     2 |     2 ||     5
       Chunk             |       |     3 |       ||     3
Armor: Robe              |    16 |    23 |    14 ||    53
       Animal skin       |       |    16 |       ||    16
Dodge: Dodged            |    75 |   135 |    72 ||   282
